 Dungeon Crawl Stone Soup version 0.21-a0-537-gd2fb950b4b (webtiles) character file.

207 LarsimusPrime the Chopper (level 5, -2/47 HPs)
             Began as a Hill Orc Fighter on Dec 15, 2017.
             Slain by Sigmund
             ... wielding a +1 scythe of protection
              (8 damage)
             ... on level 3 of the Dungeon.
             The game lasted 00:06:11 (1787 turns).

LarsimusPrime the Chopper (Hill Orc Fighter)        Turns: 1787, Time: 00:06:12

Health: -2/47      AC: 11    Str: 20    XL:     5   Next: 85%
Magic:  5/5        EV:  5    Int:  8    God:
Gold:   179        SH:  0    Dex: 10    Spells: 4/4 levels left

rFire    . . .     SeeInvis .   a - +0 war axe
rCold    . . .     Gourm    .   c - +0 shield
rNeg     . . .     Faith    .   m - +0 chain mail
rPois    .         Spirit   .   b - +0 helmet
rElec    .         Reflect  .   v - +0 cloak
rCorr    .         Harm     .   (no gloves)
MR       .....                  (no boots)
Stlth    ..........             (no amulet)
HPRegen  0.15/turn              (no ring)
MPRegen  0.09/turn              (no ring)

@: confused
A: no striking features
a: no special abilities


You were on level 3 of the Dungeon.
You were not hungry.

You visited 1 branch of the dungeon, and saw 3 of its levels.

You collected 179 gold pieces.

Inventory:

Hand Weapons
 a - a +0 war axe (weapon)
 q - a +0 blowgun
Missiles
 i - 2 steel tomahawks (quivered)
 l - 85 stones
 t - 10 tomahawks
Armour
 b - a +0 helmet (worn)
 c - a +0 shield (worn)
 m - a +0 chain mail (worn)
 v - a +0 cloak (worn)
Scrolls
 e - 5 scrolls of identify {unknown}
 h - a scroll of random uselessness {unknown}
 j - a scroll of remove curse {unknown}
 p - 2 scrolls of teleportation {unknown}
 r - a scroll of fear {unknown}
Potions
 d - a potion of might
 k - 4 potions of agility {unknown}
 n - a potion of curing {unknown}
 s - a potion of heal wounds {unknown}
 u - a potion of mutation {unknown}
 w - a potion of cancellation {unknown}
Comestibles
 f - 4 bread rations
 g - 2 meat rations
 o - 3 royal jellies
 x - 9 chunks of flesh


   Skills:
 + Level 4.5 Fighting
 + Level 5.3 Axes
 + Level 4.0 Armour
 + Level 4.5 Shields


You had 4 spell levels left.
You didn't know any spells.

Dungeon Overview and Level Annotations

Branches:
Dungeon (3/15)

Altars:
Kikubaaqudgha
Ru
Xom

Annotations:
D:3 Sigmund; jehirs's ghost, amateur DsFi


Message History

You miss something.
You hear some strange, mumbled words.
You are confused.
Something hits you.
* * * LOW HITPOINT WARNING * * *
You closely miss something.
You hear some strange, mumbled words.
Something tries to affect you, but you resist.
You miss something. Something hits you.
* * * LOW HITPOINT WARNING * * *
You miss something.
You hear some strange, mumbled words.
You are more confused.
You miss something. Something hits you but does no damage.
You hit something. Something hits you but does no damage.
You bump into the rock wall.
Sigmund appears from thin air!
Reactivating autopickup.
You bump into the rock wall.
Sigmund hits you with a scythe of protection!
You die...

.. #.# #... #.. #...
# ######### #.# #...
#.######.......# #.#
# #...
...............# #.#
W.####...
#..............###.#
#........
#.............[@@..#
........
#..............###.#
........
#..............# #.#
####...
#..............#
#.#### #.....
........########
#....# #.....
####.#### ####.#
#..... ...
########.# #.#...
.## #.....<..#
#.#... #
.##.....######.####


You could see Sigmund.

Vanquished Creatures
  A bullfrog (D:2)
  Crazy Yiuf (D:2)
  5 adders (D:2)
  An ooze (D:2)
  A worm (D:2)
  2 leopard geckos
  6 orcs
  5 giant cockroaches
  8 hobgoblins
  3 kobolds
  A ball python (D:2)
  10 bats
  2 frilled lizards
  4 goblins
  7 rats
57 creatures vanquished.

Notes
Turn   | Place    | Note
-------+----------+-------------------------------------------
     0 | D:1      | LarsimusPrime the Hill Orc Fighter began the quest for the Orb.
     0 | D:1      | Reached XP level 1. HP: 19/19 MP: 1/1
   233 | D:1      | Reached XP level 2. HP: 24/27 MP: 2/2
   693 | D:2      | Reached skill level 3 in Axes
   698 | D:2      | Reached XP level 3. HP: 30/33 MP: 3/3
   768 | D:2      | Noticed a bullfrog
   784 | D:2      | Killed a bullfrog
   784 | D:2      | Reached skill level 4 in Axes
   784 | D:2      | Reached XP level 4. HP: 32/40 MP: 4/4
   869 | D:2      | Found a runed door.
   873 | D:2      | Noticed Crazy Yiuf
   876 | D:2      | Killed Crazy Yiuf
   876 | D:2      | Reached XP level 5. HP: 35/47 MP: 5/5
  1025 | D:2      | Reached skill level 5 in Axes
  1399 | D:2      | Found a sacrificial altar of Ru.
  1399 | D:2      | Found an ancient bone altar of Kikubaaqudgha.
  1578 | D:3      | Found a shimmering altar of Xom.
  1597 | D:3      | Noticed jehirs's ghost (amateur DsFi)
  1748 | D:3      | Noticed Sigmund
  1787 | D:3      | Slain by Sigmund

Vault maps used:
D:1:      nzn_arrival_settlement
D:2:      grunt_temple_overflow_open, uniq_crazy_yiuf_cottage
D:3:      first_bread, xom_teletrap_fun, uniq_sigmund

Skill      XL: |  1  2  3  4  5 |
---------------+----------------+-----
Axes           | 3 4 5 |  5.3
Fighting       | 4 |  4.5
Shields        | 4 |  4.5
Armour         | 4 |  4.0

Action                   |  1- 3 |  4- 6 || total
-------------------------+-------+-------++-------
Melee: War axe           |    67 |   138 ||   205
  Eat: Chunk             |       |     3 ||     3
Armor: Scale mail        |    12 |       ||    12
       Chain mail        |    46 |    65 ||   111
Dodge: Dodged            |    23 |    25 ||    48
Block: Shield            |    58 |    73 ||   131

Table legend:
 A = Spawn XP
 B = Non-spawn XP
 C = Spawn XP percentage of total XP
 D = Spawn monster count
 E = Non-spawn monster count
 F = Spawn count percentage of total count
 G = Total turns spent on level
                    A         B        C        D         E        F      G
               +---------+---------+-------+---------+---------+-------+---------
         Total |       0 |     297 |   0.0 |       0 |      57 |   0.0 |  1787
               +---------+---------+-------+---------+---------+-------+---------
           D:1 |       0 |      19 |   0.0 |       0 |      14 |   0.0 |   685
           D:2 |       0 |     251 |   0.0 |       0 |      31 |   0.0 |   842
           D:3 |       0 |      27 |   0.0 |       0 |      12 |   0.0 |   260
               +---------+---------+-------+---------+---------+-------+---------
